 Dungeon Crawl Stone Soup version 0.23.0-3-gf3c87f2 (webtiles) character file.

Game seed: 8358048067326088269

37 ohad the Changer (level 3, 0/23 HPs)
             Began as an Octopode Transmuter on Feb 23, 2019.
             Killed from afar by Sigmund (8 damage)
             ... with a magic dart
             ... on level 2 of the Dungeon.
             The game lasted 00:01:36 (834 turns).

ohad the Changer (Octopode Transmuter)               Turns: 834, Time: 00:01:37

Health: 0/23       AC:  1    Str:  9    XL:     3   Next: 41%
Magic:  6/6        EV: 13    Int: 16    God:
Gold:   48         SH:  0    Dex: 12    Spells: 5/6 levels left

rFire    . . .     SeeInvis .     - Unarmed
rCold    . . .     Gourm    .   (no shield)
rNeg     . . .     Faith    .   (helmet restricted)
rPois    .         Spirit   .   (no amulet)
rElec    .         Reflect  .   (no ring)
rCorr    .         Harm     .   (no ring)
MR       .....                  (no ring)
Stlth    ++........             (no ring)
HPRegen  0.07/turn              (no ring)
MPRegen  0.10/turn              (no ring)
                                (no ring)
                                (no ring)

@: appendage (expiring)
A: almost no armour, stealthy swim, amphibious, 8 rings, constrict 8, tentacle
spike 3, camouflage 1, gelatinous body 1
a: End Transformation


You were on level 2 of the Dungeon.
You were not hungry.
One of your tentacles had a temporary spike.
You visited 1 branch of the dungeon, and saw 2 of its levels.

You collected 48 gold pieces.

Inventory:

Missiles
 a - 12 arrows
Scrolls
 e - a scroll of blinking {unknown}
 f - 2 scrolls of remove curse {unknown}
 h - a scroll of noise {unknown}
 i - 2 scrolls of teleportation {unknown}
 k - a scroll of identify {unknown}
Potions
 b - a potion of curing {unknown}
 d - a potion of flight {unknown}
 g - a potion of lignification {unknown}
 j - a potion of agility {unknown}
Comestibles
 c - 4 rations


   Skills:
 - Level 1.0 Fighting
 - Level 2.0 Dodging
 - Level 3.0 Unarmed Combat
 - Level 2.0 Spellcasting
 + Level 3.7 Transmutations


You had 5 spell levels left.
You knew the following spells:

 Your Spells              Type           Power        Failure   Level  Hunger
a - Beastly Appendage     Tmut           ##....       4%          1    #......

Your spell library contained the following spells:

 Spells                   Type           Power        Failure   Level  Hunger
 Sticks to Snakes         Tmut           ##......     7%          2    ###....
 Spider Form              Tmut/Pois      #.........   28%         3    ###....
 Ice Form                 Ice/Tmut       #.......     67%         4    #####..
 Blade Hands              Tmut           ##........   77%         5    ######.


Dungeon Overview and Level Annotations

Branches:
Dungeon (2/15)

Altars:

Annotations:
D:2 Sigmund


Innate Abilities, Weirdness & Mutations

You cannot wear most types of armour.
You are very stealthy in the water. (Stealth+)
You are amphibious.
You can wear up to eight rings at the same time.
You can use your tentacles to constrict eight enemies at once.
Your skin changes colour to match your surroundings (Stealth+).
Your rubbery body absorbs attacks. (AC +1, EV +1)
One of your tentacles bears a large vicious spike.


Message History

You miss the adder. Your grab misses the adder.
The adder is moderately wounded.
Your transformation is almost over.
Sigmund screams, "Die, monster!"
Sigmund casts a spell.
Sigmund flickers and vanishes!
Deactivating autopickup; reactivate with Ctrl-A.
The adder misses you.
You tentacle-slap the adder but do no damage.
You grab the adder.
The adder is moderately wounded.
You constrict the adder. The adder bites you. x2
You tentacle-slap the adder but do no damage.
You squeeze the adder.
The adder is almost dead.
You constrict the adder.
You kill the adder!
A magic dart appears from out of thin air!
The magic dart hits you!
You die...

#....#..... #.
#....+...########## ..
#^>.. #.# #.......# ..
#.... #.###.##....# ..
#.... #.#....+....+ ..
#....##†#.#.##....###.
#{....#.........#.
#.#.........#...##
#@#########.#...+.
#.†........ #.#...##
######.#### #.'...+. #
#.###...#. #...'...#.
#####..... ##....
#.... #....


There were no monsters in sight!

Vanquished Creatures
  An adder (D:2)
  2 dart slugs (D:1)
  A giant cockroach (D:1)
  A goblin (D:1)
  3 hobgoblins (D:1)
  2 jackals (D:1)
  4 kobolds (D:1)
  A quokka (D:2)
  3 bats (D:1)
  2 frilled lizards
  2 rats (D:1)
22 creatures vanquished.

Notes
Turn   | Place    | Note
-------+----------+-------------------------------------------
     0 | D:1      | ohad the Octopode Transmuter began the quest for the Orb.
     0 | D:1      | Reached XP level 1. HP: 13/13 MP: 3/3
   127 | D:1      | Reached XP level 2. HP: 18/18 MP: 3/5
   471 | D:1      | Reached XP level 3. HP: 17/23 MP: 6/6
   736 | D:2      | Found a faded altar of an unknown god.
   829 | D:2      | Noticed Sigmund
   834 | D:2      | Killed from afar by Sigmund

Skill      XL: |  1  2 |
---------------+-------+-----
Transmutations | 3 |  3.7
Fighting       | |  1.0
Dodging        | |  2.0
Unarmed Combat | |  3.0
Spellcasting   | |  2.0

Action                   || total
-------------------------++-------
Melee: Unarmed           ||    56
       Constrict         ||    17
       Kick              ||     7
       Tentacles         ||     5
 Cast: Beastly Appendage ||    13
Armor: Skin              ||     8
Dodge: Dodged            ||    45
